Los Angeles Kings vs Washington Capitals
Created - Thursday, October 3, 2024 at 06:21
Goals
|
| Los Angeles Kings |
0 |
0 |
2 |
2 |
| Washington Capitals |
1 |
1 |
4 |
6 |
|
Shots
|
| Los Angeles Kings |
7 |
11 |
5 |
23 |
| Washington Capitals |
12 |
10 |
9 |
31 |
|
1st period
1. Washington Capitals , Jason Robertson 7 (Jamie Oleksiak 4, Alex Ovechkin 17) at 19:44
Penalties :
No Penalty
2nd period
2. Washington Capitals , Fabian Zetterlund 6 (Derek Ryan 2, David Savard 9) at 0:55
Penalties :
Nick Foligno (WSH) for Hooking (Minor) at 4:46, Jakub Zboril (LAK) for Tripping (Minor) at 8:01
3rd period
3. Los Angeles Kings , Andrei Svechnikov 5 (Adam Fantilli 14) at 5:30
4. Washington Capitals , Jordan Kyrou 16 (Brad Marchand 13) at 6:17
5. Los Angeles Kings , Michael Milne 6 (Adam Fantilli 15, Andrei Svechnikov 11) at 7:25 (PP)
6. Washington Capitals , Nick Foligno 6 (Brad Marchand 14, Jordan Kyrou 16) at 9:38
7. Washington Capitals , Fabian Zetterlund 7 (Yegor Chinakhov 5, Derek Ryan 3) at 14:25
8. Washington Capitals , Owen Tippett 11 (Drake Batherson 12, Jason Robertson 19) at 19:51
Penalties :
Peyton Krebs (LAK) for Roughing (Minor) at 0:42, Jamie Oleksiak (WSH) for Slashing (Minor) at 7:17, Alexander Romanov (LAK) for Tripping (Minor) at 9:41, Andrei Svechnikov (LAK) for Elbowing (Minor) at 15:12
Goalie Stats
Jonas Johansson (LAK), 25 saves from 31 shots - (0.806), L, 8-10-2, 60:00 minutes
Sergei Bobrovsky (WSH), 21 saves from 23 shots - (0.913), W, 11-4-1, 60:00 minutes
Players Stats for Los Angeles Kings
Player Name G A P +/- PIM S H SB GA TA FO MP PP MP PK MP
------------------------------------------------------------------------------------
Adam Fantilli 0 2 2 -1 0 1 0 0 1 0 8/20 14:58 1:04 0:00
Alexander Romanov 0 0 0 -2 2 1 2 0 1 1 0/0 21:18 1:02 2:37
Andrei Kuzmenko 0 0 0 -2 0 2 0 0 1 0 2/3 17:08 0:00 3:36
Andrei Svechnikov 1 1 2 -1 2 5 2 0 1 0 0/0 18:26 1:04 3:05
Blake Wheeler 0 0 0 -1 0 1 0 1 0 0 1/4 8:56 0:00 0:00
Jakub Zboril 0 0 0 -1 2 0 0 0 0 0 0/0 16:56 0:00 1:04
Joshua Brown 0 0 0 -1 0 0 0 3 0 0 0/0 15:32 0:00 0:00
K'Andre Miller 0 0 0 -2 0 0 2 2 0 0 0/0 22:34 1:05 4:15
Logan Cooley 0 0 0 -1 0 2 0 1 1 1 4/13 15:08 1:03 0:14
Michael Eyssimont 0 0 0 -2 0 3 2 0 0 0 4/8 14:27 0:00 0:52
Michael Milne 1 0 1 -2 0 2 3 1 0 0 0/0 19:17 1:04 0:06
Noah Dobson 0 0 0 -2 0 3 0 0 0 0 0/0 22:34 1:05 4:15
Owen Power 0 0 0 -2 0 1 0 1 0 2 0/0 21:54 1:02 3:41
Peyton Krebs 0 0 0 -1 2 1 2 0 0 0 0/0 15:23 1:03 0:23
Ryan Reaves 0 0 0 0 0 0 0 0 0 1 0/0 3:14 0:00 0:00
Seth Jarvis 0 0 0 -1 0 0 1 0 1 0 1/2 19:03 1:03 4:00
Trent Frederic 0 0 0 -1 0 1 1 0 0 0 0/0 12:01 0:00 3:36
Vitali Kravtsov 0 0 0 -2 0 0 0 0 0 0 0/0 13:11 0:00 0:00
Players Stats for Washington Capitals
Player Name G A P +/- PIM S H SB GA TA FO MP PP MP PK MP
------------------------------------------------------------------------------------
Alex Ovechkin 0 1 1 0 0 2 3 0 0 0 2/2 20:25 4:18 0:00
Brad Marchand 0 2 2 2 0 2 0 0 0 0 0/0 14:04 0:00 1:18
David Savard 0 1 1 2 0 1 2 2 0 2 0/0 22:43 3:45 1:21
Derek Ryan 0 2 2 2 0 1 1 0 0 0 6/6 10:12 0:00 0:14
Drake Batherson 0 1 1 1 0 1 1 0 0 1 0/0 11:06 0:00 0:00
Fabian Zetterlund 2 0 2 2 0 5 2 0 0 0 0/0 10:30 0:00 0:32
Ian Cole 0 0 0 2 0 0 0 0 0 0 0/0 14:13 0:00 0:46
Jamie Oleksiak 0 1 1 1 2 1 1 2 0 1 0/0 19:44 0:00 1:13
Jason Robertson 1 1 2 0 0 4 4 0 0 0 1/2 20:25 4:18 0:00
John Carlson 0 0 0 1 0 2 2 2 1 0 0/0 23:04 4:11 0:00
Jordan Kyrou 1 1 2 2 0 1 1 0 1 0 0/0 16:24 3:38 0:00
Michael McLeod 0 0 0 1 0 0 1 0 0 0 4/6 12:09 0:00 1:03
Nick Foligno 1 0 1 2 2 3 3 1 1 0 3/11 16:23 3:38 0:00
Nick Jensen 0 0 0 2 0 0 0 0 0 1 0/0 18:36 3:45 0:46
Nico Hischier 0 0 0 0 0 1 1 1 0 0 14/23 21:12 4:18 0:47
Owen Tippett 1 0 1 1 0 3 2 0 0 0 0/0 14:44 3:38 0:00
Thomas Harley 0 0 0 2 0 3 2 1 0 1 0/0 21:39 4:11 0:08
Yegor Chinakhov 0 1 1 2 0 1 0 0 2 0 0/0 10:18 0:00 0:20
3 Stars
1 - Fabian Zetterlund (WSH)
2 - Jordan Kyrou (WSH)
3 - Jason Robertson (WSH)
Power Play
Los Angeles Kings - 1 on 2 Attempt(s) - 50.00%
Washington Capitals - 0 on 4 Attempt(s) - 0.00%
Penalty Kill
Los Angeles Kings - 4 on 4 Attempt(s) - 100.00%
- Score 0 goal in Penalty Kill
Washington Capitals - 1 on 2 Attempt(s) - 50.00%
- Score 0 goal in Penalty Kill
Team Stat
Los Angeles Kings - Hits : 15 - Faceoff Wins : 20 - Blocked Shots : 9 - Penalty Minutes : 8
Washington Capitals - Hits : 26 - Faceoff Wins : 30 - Blocked Shots : 9 - Penalty Minutes : 4
Official
Referees : Conor O'Donnell and Chris Rooney
Linesman : Caleb Apperson and Ben O'Quinn
Game Notes
7:25 of 3rd period - Los Angeles Kings goal is going for a video replay. After video review, Goal.
Finance
Level 1 -- Attendance: 6000 (100.00%) -- Ticket Income $570,000
Level 2 -- Attendance: 5000 (100.00%) -- Ticket Income $275,000
Level 3 -- Attendance: 2882 (96.07%) -- Ticket Income $95,106
Level 4 -- Attendance: 4802 (96.04%) -- Ticket Income $105,644
Luxury Box -- Attendance: 809 (80.90%) -- Ticket Income $157,755
Game was played at the Verizon Center.
Total Attendance: 19493 (97.47%)
Total Ticket Income: $1,203,505
Other Income: $421,227
Total Income: $1,624,732
Los Angeles Kings
5 vs 5 Forward
Center Left Wing Right Wing Time % Phy DF OF
1 Logan Cooley Peyton Krebs Seth Jarvis 30 1 2 2
2 Adam Fantilli Michael Milne Andrei Svechnikov 30 1 2 2
3 Michael Eyssimont Vitali Kravtsov Andrei Kuzmenko 25 1 2 2
4 Blake Wheeler Michael Milne Trent Frederic 15 1 2 2
5 vs 5 Defense
Defense Defense Time % Phy DF OF
1 Noah Dobson K'Andre Miller 35 1 2 2
2 Alexander Romanov Owen Power 35 1 2 2
3 Joshua Brown Jakub Zboril 30 1 2 2
4 Noah Dobson K'Andre Miller 0 1 2 2
PowerPlay Forward
Center Left Wing Right Wing Time % Phy DF OF
1 Logan Cooley Peyton Krebs Seth Jarvis 50 1 2 2
2 Adam Fantilli Michael Milne Andrei Svechnikov 50 1 2 2
PowerPlay Defense
Defense Defense Time % Phy DF OF
1 Noah Dobson K'Andre Miller 50 1 2 2
2 Alexander Romanov Owen Power 50 1 2 2
Penalty Kill 4 Players Forward
Center Wing Time % Phy DF OF
1 Seth Jarvis Andrei Svechnikov 50 1 2 2
2 Andrei Kuzmenko Trent Frederic 50 1 2 2
Penalty Kill 4 Players Defense
Defense Defense Time % Phy DF OF
1 Noah Dobson K'Andre Miller 50 1 2 2
2 Alexander Romanov Owen Power 50 1 2 2
Penalty Kill - 3 Players Forward
Forward Time % Phy DF OF
1 Seth Jarvis 50 1 2 2
2 Andrei Svechnikov 50 1 2 2
Penalty Kill - 3 Players Defense
Defense Defense Time % Phy DF OF
1 Noah Dobson K'Andre Miller 50 1 2 2
2 Alexander Romanov Owen Power 50 1 2 2
4 vs 4 Forward
Center Wing Time % Phy DF OF
1 Seth Jarvis Andrei Svechnikov 50 1 2 2
2 Andrei Kuzmenko Trent Frederic 50 1 2 2
4 vs 4 Defense
Defense Defense Time % Phy DF OF
1 Noah Dobson K'Andre Miller 50 1 2 2
2 Alexander Romanov Owen Power 50 1 2 2
Last Minutes Offensive
Center Left Wing Right Wing Defense Defense
Logan Cooley Peyton Krebs Seth Jarvis Noah Dobson K'Andre Miller
Last Minutes Defensive
Center Left Wing Right Wing Defense Defense
Logan Cooley Peyton Krebs Seth Jarvis Noah Dobson K'Andre Miller
Goaltenders
Starting : Jonas Johansson
Backup : Andrei Vasilevskiy
Extra Forwards
Normal : Blake Wheeler, Ryan Reaves, Michael Eyssimont - PP : Blake Wheeler, Ryan Reaves - PK : Michael Eyssimont
Extra Defensemen
Normal : Joshua Brown, Jakub Zboril, Alexander Romanov - PP : Joshua Brown - PK : Jakub Zboril, Alexander Romanov
Penalty Shots
Seth Jarvis, Andrei Svechnikov, Andrei Kuzmenko, Trent Frederic, Logan Cooley
Scratches
Ruslan Iskhakov (Healthy), Cooper Marody (Healthy), Nicklas Backstrom (Healthy), Erik Brannstrom (Healthy)
Washington Capitals
5 vs 5 Forward
Center Left Wing Right Wing Time % Phy DF OF
1 Nico Hischier Alex Ovechkin Jason Robertson 40 1 1 3
2 Nick Foligno Brad Marchand Jordan Kyrou 30 1 1 3
3 Michael McLeod Drake Batherson Owen Tippett 20 1 1 3
4 Derek Ryan Yegor Chinakhov Fabian Zetterlund 10 1 1 3
5 vs 5 Defense
Defense Defense Time % Phy DF OF
1 John Carlson Jamie Oleksiak 37 2 3 0
2 David Savard Thomas Harley 35 2 3 0
3 Ian Cole Nick Jensen 28 2 3 0
4 John Carlson David Savard 0 2 3 0
PowerPlay Forward
Center Left Wing Right Wing Time % Phy DF OF
1 Nico Hischier Alex Ovechkin Jason Robertson 60 1 2 2
2 Nick Foligno Owen Tippett Jordan Kyrou 40 1 2 2
PowerPlay Defense
Defense Defense Time % Phy DF OF
1 John Carlson Thomas Harley 60 1 2 2
2 Nick Jensen David Savard 40 1 2 2
Penalty Kill 4 Players Forward
Center Wing Time % Phy DF OF
1 Michael McLeod Brad Marchand 60 1 2 2
2 Derek Ryan Fabian Zetterlund 40 1 2 2
Penalty Kill 4 Players Defense
Defense Defense Time % Phy DF OF
1 David Savard Jamie Oleksiak 60 1 2 2
2 Nick Jensen Ian Cole 40 1 2 2
Penalty Kill - 3 Players Forward
Forward Time % Phy DF OF
1 Michael McLeod 60 1 2 2
2 Derek Ryan 40 1 2 2
Penalty Kill - 3 Players Defense
Defense Defense Time % Phy DF OF
1 David Savard Jamie Oleksiak 60 1 2 2
2 Nick Jensen Ian Cole 40 1 2 2
4 vs 4 Forward
Center Wing Time % Phy DF OF
1 Nico Hischier Alex Ovechkin 60 1 2 2
2 Nick Foligno Jason Robertson 40 1 2 2
4 vs 4 Defense
Defense Defense Time % Phy DF OF
1 John Carlson Thomas Harley 60 1 2 2
2 Nick Jensen David Savard 40 1 2 2
Last Minutes Offensive
Center Left Wing Right Wing Defense Defense
Nico Hischier Alex Ovechkin Jason Robertson John Carlson Thomas Harley
Last Minutes Defensive
Center Left Wing Right Wing Defense Defense
Michael McLeod Brad Marchand Nick Foligno John Carlson Jamie Oleksiak
Goaltenders
Starting : Sergei Bobrovsky
Backup : Jake Oettinger
Extra Forwards
Normal : Owen Tippett, Drake Batherson, Jordan Kyrou - PP : Owen Tippett, Fabian Zetterlund - PK : Fabian Zetterlund
Extra Defensemen
Normal : Thomas Harley, Jamie Oleksiak, Ian Cole - PP : David Savard - PK : Jamie Oleksiak, Thomas Harley
Penalty Shots
Jason Robertson, Drake Batherson, Derek Ryan, Yegor Chinakhov, David Savard
Scratches
Vladislav Gavrikov (Healthy), Erik Johnson (Healthy), Stefan Noesen (Healthy), Derek Forbort (Healthy)
% Time on Ice - Los Angeles Kings
Lines # - Real PCT - Wanted PCT - Time Play
Normal Forward
1 - 29% - 30% - 14:20
2 - 29% - 30% - 14:22
3 - 26% - 25% - 13:11
4 - 16% - 15% - 8:04
Normal Defense
1 - 35% - 35% - 17:14
2 - 34% - 35% - 17:11
3 - 31% - 30% - 15:32
4 - 0% - 0% - 0:00
PP Forward
1 - 50% - 50% - 1:03
2 - 50% - 50% - 1:04
PP Defense
1 - 51% - 50% - 1:05
2 - 49% - 50% - 1:02
PK Forward
1 - 53% - 50% - 4:14
2 - 47% - 50% - 3:42
PK Defense
1 - 54% - 50% - 4:15
2 - 46% - 50% - 3:41
PK3 Forward
1 - 0% - 50%
2 - 0% - 50%
PK3 Defense
1 - 0% - 50%
2 - 0% - 50%
44 Forward
1 - 0% - 50%
2 - 0% - 50%
44 Defense
1 - 0% - 50%
2 - 0% - 50%
Last Minute Offensive - 0:00
Last Minute Defensive - 0:00
Total
Forward - 60:00
Defense - 60:00
|
% Time on Ice - Washington Capitals
Lines # - Real PCT - Wanted PCT - Time Play
Normal Forward
1 - 32% - 40% - 16:07
2 - 26% - 30% - 12:46
3 - 22% - 20% - 11:06
4 - 20% - 10% - 9:58
Normal Defense
1 - 38% - 37% - 19:04
2 - 35% - 35% - 17:31
3 - 27% - 28% - 13:22
4 - 0% - 0% - 0:00
PP Forward
1 - 54% - 60% - 4:18
2 - 46% - 40% - 3:38
PP Defense
1 - 53% - 60% - 4:11
2 - 47% - 40% - 3:45
PK Forward
1 - 89% - 60% - 1:53
2 - 11% - 40% - 0:14
PK Defense
1 - 64% - 60% - 1:21
2 - 36% - 40% - 0:46
PK3 Forward
1 - 0% - 60%
2 - 0% - 40%
PK3 Defense
1 - 0% - 60%
2 - 0% - 40%
44 Forward
1 - 0% - 60%
2 - 0% - 40%
44 Defense
1 - 0% - 60%
2 - 0% - 40%
Last Minute Offensive - 0:00
Last Minute Defensive - 0:00
Total
Forward - 60:00
Defense - 60:00
|
Play-by-Play
1st period
0:01 of 1st period - Alex Ovechkin wins face-off versus Logan Cooley in neutral zone.
0:06 of 1st period - Slapshot by Alex Ovechkin.
0:06 of 1st period - Shot Blocked by K'Andre Miller.
0:08 of 1st period - Wrist shot by Nico Hischier.
0:08 of 1st period - Stopped by Jonas Johansson with a rebound.
0:10 of 1st period - Slapshot by Jason Robertson.
0:10 of 1st period - Shot Misses the Net.
0:12 of 1st period - Snap shot by Alex Ovechkin.
0:12 of 1st period - Stopped by Jonas Johansson without a rebound.
0:13 of 1st period - Adam Fantilli wins face-off versus Nick Foligno in Los Angeles Kings zone.
1:01 of 1st period - Wrist shot by Alex Ovechkin.
1:01 of 1st period - Shot Misses the Net.
1:03 of 1st period - Backhand shot by Thomas Harley.
1:03 of 1st period - Shot Misses the Net.
1:11 of 1st period - Snap shot by Jason Robertson.
1:11 of 1st period - Stopped by Jonas Johansson with a rebound.
1:51 of 1st period - Snap shot by Jordan Kyrou.
1:51 of 1st period - Shot Misses the Net.
2:59 of 1st period - Owen Power is hit by John Carlson and loses puck.
4:00 of 1st period - Logan Cooley is hit by Derek Ryan and loses puck.
4:31 of 1st period - Icing by Drake Batherson.
4:32 of 1st period - Nico Hischier wins face-off versus Blake Wheeler in Washington Capitals zone.
4:47 of 1st period - Trent Frederic is hit by Jason Robertson and loses puck.
6:04 of 1st period - Slapshot by Noah Dobson.
6:04 of 1st period - Stopped by Sergei Bobrovsky with a rebound.
6:06 of 1st period - Slapshot by Noah Dobson.
6:06 of 1st period - Stopped by Sergei Bobrovsky without a rebound.
6:07 of 1st period - Nick Foligno wins face-off versus Adam Fantilli in Washington Capitals zone.
6:12 of 1st period - Andrei Svechnikov is hit by David Savard and loses puck.
6:33 of 1st period - Alexander Romanov is hit by Owen Tippett and loses puck.
6:41 of 1st period - Off-side.
6:42 of 1st period - Michael Eyssimont wins face-off versus Nick Foligno in neutral zone.
6:49 of 1st period - Slapshot by Michael Eyssimont.
6:49 of 1st period - Shot Misses the Net.
7:07 of 1st period - Slapshot by Drake Batherson.
7:07 of 1st period - Deflect By Michael McLeod.
7:07 of 1st period - Shot Misses the Net.
7:07 of 1st period - Puck is out of play.
7:08 of 1st period - Michael McLeod wins face-off versus Adam Fantilli in Los Angeles Kings zone.
7:09 of 1st period - Snap shot by Drake Batherson.
7:09 of 1st period - Stopped by Jonas Johansson with a rebound.
8:26 of 1st period - Logan Cooley is hit by Michael McLeod and loses puck.
8:33 of 1st period - Slapshot by Owen Tippett.
8:33 of 1st period - Shot Misses the Net.
8:35 of 1st period - Snap shot by John Carlson.
8:35 of 1st period - Stopped by Jonas Johansson without a rebound.
8:36 of 1st period - Alex Ovechkin wins face-off versus Adam Fantilli in Los Angeles Kings zone.
9:05 of 1st period - David Savard is hit by Michael Eyssimont and loses puck.
9:32 of 1st period - Slapshot by Logan Cooley.
9:32 of 1st period - Shot Misses the Net.
9:55 of 1st period - Wrist shot by Trent Frederic.
9:55 of 1st period - Shot Blocked by Nico Hischier.
10:31 of 1st period - Slapshot by Logan Cooley.
10:31 of 1st period - Shot Misses the Net.
10:59 of 1st period - Snap shot by Alex Ovechkin.
10:59 of 1st period - Deflect By Jason Robertson.
10:59 of 1st period - Stopped by Jonas Johansson without a rebound.
11:00 of 1st period - Michael Eyssimont wins face-off versus Nico Hischier in Los Angeles Kings zone.
11:29 of 1st period - Snap shot by Michael Eyssimont.
11:29 of 1st period - Stopped by Sergei Bobrovsky without a rebound.
11:30 of 1st period - Nick Foligno wins face-off versus Logan Cooley in Washington Capitals zone.
13:29 of 1st period - Wrist shot by Owen Tippett.
13:29 of 1st period - Shot Misses the Net.
14:21 of 1st period - Backhand shot by Nick Foligno.
14:21 of 1st period - Stopped by Jonas Johansson without a rebound.
14:22 of 1st period - Adam Fantilli wins face-off versus Jason Robertson in Los Angeles Kings zone.
15:26 of 1st period - Owen Tippett is hit by Alexander Romanov and loses puck.
16:06 of 1st period - Slapshot by Owen Tippett.
16:06 of 1st period - Stopped by Jonas Johansson without a rebound.
16:07 of 1st period - Nico Hischier wins face-off versus Adam Fantilli in Los Angeles Kings zone.
16:14 of 1st period - Slapshot by Jason Robertson.
16:14 of 1st period - Shot Blocked by Michael Milne.
16:41 of 1st period - Snap shot by Adam Fantilli.
16:41 of 1st period - Deflect By John Carlson.
16:41 of 1st period - Stopped by Sergei Bobrovsky with a rebound.
16:43 of 1st period - Slapshot by Adam Fantilli.
16:43 of 1st period - Shot Blocked by Jamie Oleksiak.
16:47 of 1st period - Slapshot by Andrei Svechnikov.
16:47 of 1st period - Stopped by Sergei Bobrovsky without a rebound.
16:48 of 1st period - Nico Hischier wins face-off versus Logan Cooley in Washington Capitals zone.
16:57 of 1st period - Snap shot by Logan Cooley.
16:57 of 1st period - Shot Misses the Net.
16:59 of 1st period - Snap shot by Logan Cooley.
16:59 of 1st period - Stopped by Sergei Bobrovsky with a rebound.
17:01 of 1st period - Snap shot by Peyton Krebs.
17:01 of 1st period - Stopped by Sergei Bobrovsky with a rebound.
18:04 of 1st period - Andrei Svechnikov is hit by Fabian Zetterlund and loses puck.
18:21 of 1st period - Snap shot by Owen Tippett.
18:21 of 1st period - Stopped by Jonas Johansson with a rebound.
18:39 of 1st period - Snap shot by Blake Wheeler.
18:39 of 1st period - Shot Misses the Net.
19:26 of 1st period - Snap shot by Yegor Chinakhov.
19:26 of 1st period - Shot Misses the Net.
19:40 of 1st period - Snap shot by Alex Ovechkin.
19:40 of 1st period - Stopped by Jonas Johansson with a rebound.
19:42 of 1st period - Slapshot by Jamie Oleksiak.
19:42 of 1st period - Stopped by Jonas Johansson with a rebound.
19:44 of 1st period - Slapshot by Jason Robertson.
19:44 of 1st period - Goal by Jason Robertson - Los Angeles Kings : 0 - Washington Capitals : 1.
19:45 of 1st period - Jason Robertson wins face-off versus Logan Cooley in neutral zone.
Goals for this period are 0 for Los Angeles Kings vs 1 for Washington Capitals.
Shots for this period are 7 for Los Angeles Kings vs 12 for Washington Capitals.
2nd period
0:01 of 2nd period - Nico Hischier wins face-off versus Logan Cooley in neutral zone.
0:04 of 2nd period - Noah Dobson is hit by John Carlson and loses puck.
0:35 of 2nd period - Snap shot by Andrei Svechnikov.
0:35 of 2nd period - Shot Misses the Net.
0:49 of 2nd period - Snap shot by Fabian Zetterlund.
0:49 of 2nd period - Stopped by Jonas Johansson with a rebound.
0:51 of 2nd period - Snap shot by Fabian Zetterlund.
0:51 of 2nd period - Stopped by Jonas Johansson with a rebound.
0:53 of 2nd period - Wrist shot by Derek Ryan.
0:53 of 2nd period - Stopped by Jonas Johansson with a rebound.
0:55 of 2nd period - Snap shot by Fabian Zetterlund.
0:55 of 2nd period - Goal by Fabian Zetterlund - Los Angeles Kings : 0 - Washington Capitals : 2.
0:56 of 2nd period - Logan Cooley wins face-off versus Nico Hischier in neutral zone.
1:12 of 2nd period - Off-side.
1:13 of 2nd period - Adam Fantilli wins face-off versus Nick Foligno in neutral zone.
1:20 of 2nd period - Snap shot by Andrei Svechnikov.
1:20 of 2nd period - Shot Blocked by John Carlson.
1:22 of 2nd period - Backhand shot by Adam Fantilli.
1:22 of 2nd period - Shot Misses the Net.
1:40 of 2nd period - K'Andre Miller is hit by Jason Robertson and loses puck.
2:01 of 2nd period - Snap shot by Trent Frederic.
2:01 of 2nd period - Shot Blocked by Thomas Harley.
2:03 of 2nd period - Slapshot by Trent Frederic.
2:03 of 2nd period - Shot Misses the Net.
2:05 of 2nd period - Slapshot by Trent Frederic.
2:05 of 2nd period - Stopped by Sergei Bobrovsky without a rebound.
2:06 of 2nd period - Blake Wheeler wins face-off versus Nick Foligno in Washington Capitals zone.
2:13 of 2nd period - Snap shot by Blake Wheeler.
2:13 of 2nd period - Stopped by Sergei Bobrovsky with a rebound.
2:33 of 2nd period - Alexander Romanov is hit by Alex Ovechkin and loses puck.
3:16 of 2nd period - Slapshot by Adam Fantilli.
3:16 of 2nd period - Shot Misses the Net.
3:18 of 2nd period - Snap shot by Michael Milne.
3:18 of 2nd period - Stopped by Sergei Bobrovsky with a rebound.
3:20 of 2nd period - Wrist shot by Andrei Svechnikov.
3:20 of 2nd period - Shot Misses the Net.
3:34 of 2nd period - Joshua Brown is hit by Nick Foligno and loses puck.
3:39 of 2nd period - Slapshot by Jordan Kyrou.
3:39 of 2nd period - Shot Blocked by Logan Cooley.
3:41 of 2nd period - Wrist shot by Nick Foligno.
3:41 of 2nd period - Deflect By Jordan Kyrou.
3:41 of 2nd period - Shot Misses the Net.
3:41 of 2nd period - Puck is out of play.
3:42 of 2nd period - Nico Hischier wins face-off versus Michael Eyssimont in Los Angeles Kings zone.
3:43 of 2nd period - Slapshot by Jason Robertson.
3:43 of 2nd period - Stopped by Jonas Johansson with a rebound.
3:51 of 2nd period - Slapshot by Michael Eyssimont.
3:51 of 2nd period - Stopped by Sergei Bobrovsky without a rebound.
3:52 of 2nd period - Nico Hischier wins face-off versus Michael Eyssimont in Washington Capitals zone.
3:52 of 2nd period - Nico Hischier is hit by Alexander Romanov.
4:02 of 2nd period - Wrist shot by Alex Ovechkin.
4:02 of 2nd period - Shot Blocked by Owen Power.
4:19 of 2nd period - Owen Power is hit by Alex Ovechkin.
4:31 of 2nd period - Snap shot by Andrei Kuzmenko.
4:31 of 2nd period - Shot Hit the Post.
4:33 of 2nd period - Snap shot by Michael Eyssimont.
4:33 of 2nd period - Stopped by Sergei Bobrovsky with a rebound.
4:35 of 2nd period - Slapshot by Andrei Kuzmenko.
4:35 of 2nd period - Shot Misses the Net.
4:37 of 2nd period - Snap shot by Owen Power.
4:37 of 2nd period - Stopped by Sergei Bobrovsky without a rebound.
4:38 of 2nd period - Adam Fantilli wins face-off versus Nick Foligno in Washington Capitals zone.
4:46 of 2nd period - Minor Penalty to Nick Foligno for Hooking.
4:47 of 2nd period - Michael McLeod wins face-off versus Logan Cooley in Washington Capitals zone.
5:03 of 2nd period - Snap shot by Logan Cooley.
5:03 of 2nd period - Shot Misses the Net.
5:13 of 2nd period - Brad Marchand is hit by Michael Milne and loses puck.
5:56 of 2nd period - Yegor Chinakhov is hit by Andrei Svechnikov and loses puck.
6:15 of 2nd period - Ian Cole is hit by K'Andre Miller and loses puck.
6:42 of 2nd period - Nico Hischier is hit by Peyton Krebs.
6:46 of 2nd period - Penalty to Nick Foligno is over, Nick Foligno is back on ice.
7:25 of 2nd period - K'Andre Miller is hit by Fabian Zetterlund and loses puck.
7:43 of 2nd period - Icing by Thomas Harley.
7:44 of 2nd period - Michael McLeod wins face-off versus Blake Wheeler in Washington Capitals zone.
8:01 of 2nd period - Minor Penalty to Jakub Zboril for Tripping.
8:02 of 2nd period - Nico Hischier wins face-off versus Seth Jarvis in Los Angeles Kings zone.
10:01 of 2nd period - Penalty to Jakub Zboril is over, Jakub Zboril is back on ice.
10:19 of 2nd period - Slapshot by Noah Dobson.
10:19 of 2nd period - Shot Blocked by David Savard.
10:21 of 2nd period - Snap shot by Trent Frederic.
10:21 of 2nd period - Deflect By Andrei Kuzmenko.
10:21 of 2nd period - Stopped by Sergei Bobrovsky without a rebound.
10:22 of 2nd period - Derek Ryan wins face-off versus Logan Cooley in Washington Capitals zone.
10:50 of 2nd period - Icing by Adam Fantilli.
10:51 of 2nd period - Michael McLeod wins face-off versus Adam Fantilli in Los Angeles Kings zone.
11:04 of 2nd period - Snap shot by Andrei Svechnikov.
11:04 of 2nd period - Stopped by Sergei Bobrovsky with a rebound.
11:14 of 2nd period - Owen Power is hit by Jason Robertson and loses puck.
11:58 of 2nd period - Snap shot by Nick Foligno.
11:58 of 2nd period - Stopped by Jonas Johansson with a rebound.
12:14 of 2nd period - Derek Ryan is hit by Andrei Svechnikov and loses puck.
12:47 of 2nd period - Icing by Nick Jensen.
12:48 of 2nd period - Derek Ryan wins face-off versus Logan Cooley in Washington Capitals zone.
14:04 of 2nd period - Wrist shot by Fabian Zetterlund.
14:04 of 2nd period - Stopped by Jonas Johansson with a rebound.
14:06 of 2nd period - Wrist shot by Yegor Chinakhov.
14:06 of 2nd period - Stopped by Jonas Johansson without a rebound.
14:07 of 2nd period - Adam Fantilli wins face-off versus Nico Hischier in Los Angeles Kings zone.
14:33 of 2nd period - Jakub Zboril is hit by Jordan Kyrou.
14:59 of 2nd period - Trent Frederic is hit by Drake Batherson and loses puck.
15:27 of 2nd period - Andrei Svechnikov is hit by Jason Robertson and loses puck.
15:44 of 2nd period - Owen Power is hit by Jamie Oleksiak and loses puck.
17:08 of 2nd period - Snap shot by Jordan Kyrou.
17:08 of 2nd period - Shot Blocked by K'Andre Miller.
17:43 of 2nd period - Icing by Alex Ovechkin.
17:44 of 2nd period - Michael Eyssimont wins face-off versus Nick Foligno in Washington Capitals zone.
17:49 of 2nd period - Wrist shot by Andrei Kuzmenko.
17:49 of 2nd period - Stopped by Sergei Bobrovsky without a rebound.
17:50 of 2nd period - Nick Foligno wins face-off versus Michael Eyssimont in Washington Capitals zone.
18:05 of 2nd period - Snap shot by Brad Marchand.
18:05 of 2nd period - Shot Misses the Net.
18:07 of 2nd period - Wrist shot by Brad Marchand.
18:07 of 2nd period - Stopped by Jonas Johansson without a rebound.
18:08 of 2nd period - Nico Hischier wins face-off versus Adam Fantilli in Los Angeles Kings zone.
18:23 of 2nd period - Snap shot by Andrei Svechnikov.
18:23 of 2nd period - Stopped by Sergei Bobrovsky with a rebound.
18:40 of 2nd period - Slapshot by Alexander Romanov.
18:40 of 2nd period - Stopped by Sergei Bobrovsky with a rebound.
18:46 of 2nd period - Slapshot by Brad Marchand.
18:46 of 2nd period - Stopped by Jonas Johansson with a rebound.
18:55 of 2nd period - Jamie Oleksiak is hit by Michael Eyssimont and loses puck.
19:13 of 2nd period - Icing by Fabian Zetterlund.
19:14 of 2nd period - Derek Ryan wins face-off versus Blake Wheeler in Washington Capitals zone.
19:23 of 2nd period - Snap shot by Michael Milne.
19:23 of 2nd period - Shot Misses the Net.
19:25 of 2nd period - Slapshot by Michael Milne.
19:25 of 2nd period - Shot Misses the Net.
19:41 of 2nd period - Wrist shot by Michael Eyssimont.
19:41 of 2nd period - Shot Misses the Net.
19:44 of 2nd period - Icing by Jamie Oleksiak.
19:45 of 2nd period - Derek Ryan wins face-off versus Michael Eyssimont in Washington Capitals zone.
Goals for this period are 0 for Los Angeles Kings vs 1 for Washington Capitals.
Shots for this period are 11 for Los Angeles Kings vs 10 for Washington Capitals.
3rd period
0:01 of 3rd period - Nico Hischier wins face-off versus Adam Fantilli in neutral zone.
0:06 of 3rd period - Thomas Harley is hit by Michael Milne and loses puck.
0:25 of 3rd period - Logan Cooley is hit by Nick Foligno and loses puck.
0:36 of 3rd period - Nick Jensen is hit by Seth Jarvis and loses puck.
0:42 of 3rd period - Minor Penalty to Peyton Krebs for Roughing.
0:43 of 3rd period - Andrei Kuzmenko wins face-off versus Nico Hischier in Los Angeles Kings zone.
2:42 of 3rd period - Penalty to Peyton Krebs is over, Peyton Krebs is back on ice.
2:56 of 3rd period - Backhand shot by John Carlson.
2:56 of 3rd period - Deflect By Andrei Svechnikov.
2:56 of 3rd period - Stopped by Jonas Johansson without a rebound.
2:57 of 3rd period - Derek Ryan wins face-off versus Adam Fantilli in Los Angeles Kings zone.
3:32 of 3rd period - Wrist shot by John Carlson.
3:32 of 3rd period - Shot Misses the Net.
3:57 of 3rd period - Snap shot by Yegor Chinakhov.
3:57 of 3rd period - Shot Blocked by Blake Wheeler.
3:59 of 3rd period - Slapshot by Thomas Harley.
3:59 of 3rd period - Stopped by Jonas Johansson with a rebound.
4:01 of 3rd period - Slapshot by Thomas Harley.
4:01 of 3rd period - Stopped by Jonas Johansson with a rebound.
4:11 of 3rd period - Slapshot by Owen Power.
4:11 of 3rd period - Shot Misses the Net.
4:15 of 3rd period - Snap shot by Andrei Kuzmenko.
4:15 of 3rd period - Shot Misses the Net.
5:22 of 3rd period - Slapshot by Noah Dobson.
5:22 of 3rd period - Stopped by Sergei Bobrovsky without a rebound.
5:23 of 3rd period - Adam Fantilli wins face-off versus Nico Hischier in Washington Capitals zone.
5:30 of 3rd period - Wrist shot by Andrei Svechnikov.
5:30 of 3rd period - Goal by Andrei Svechnikov - Los Angeles Kings : 1 - Washington Capitals : 2.
5:31 of 3rd period - Adam Fantilli wins face-off versus Nico Hischier in neutral zone.
5:41 of 3rd period - Slapshot by Nico Hischier.
5:41 of 3rd period - Shot Blocked by Joshua Brown.
6:01 of 3rd period - Off-side.
6:02 of 3rd period - Logan Cooley wins face-off versus Nick Foligno in neutral zone.
6:17 of 3rd period - Snap shot by Jordan Kyrou.
6:17 of 3rd period - Goal by Jordan Kyrou - Los Angeles Kings : 1 - Washington Capitals : 3.
6:18 of 3rd period - Nico Hischier wins face-off versus Adam Fantilli in neutral zone.
6:31 of 3rd period - Snap shot by Nico Hischier.
6:31 of 3rd period - Shot Misses the Net.
6:45 of 3rd period - Joshua Brown is hit by David Savard.
6:53 of 3rd period - Snap shot by Owen Tippett.
6:53 of 3rd period - Shot Blocked by Joshua Brown.
6:55 of 3rd period - Slapshot by David Savard.
6:55 of 3rd period - Stopped by Jonas Johansson without a rebound.
6:56 of 3rd period - Nico Hischier wins face-off versus Logan Cooley in Los Angeles Kings zone.
7:17 of 3rd period - Minor Penalty to Jamie Oleksiak for Slashing.
7:18 of 3rd period - Adam Fantilli wins face-off versus Michael McLeod in Washington Capitals zone.
7:23 of 3rd period - Snap shot by Adam Fantilli.
7:23 of 3rd period - Shot Misses the Net.
7:25 of 3rd period - Slapshot by Michael Milne.
7:25 of 3rd period - Los Angeles Kings goal is going for a video replay.
7:25 of 3rd period - The goal is good.
7:25 of 3rd period - Goal by Michael Milne - Los Angeles Kings : 2 - Washington Capitals : 3.
7:26 of 3rd period - Nico Hischier wins face-off versus Adam Fantilli in neutral zone.
8:09 of 3rd period - Icing by K'Andre Miller.
8:10 of 3rd period - Michael Eyssimont wins face-off versus Michael McLeod in Los Angeles Kings zone.
8:41 of 3rd period - Wrist shot by Seth Jarvis.
8:41 of 3rd period - Deflect By Logan Cooley.
8:41 of 3rd period - Stopped by Sergei Bobrovsky with a rebound.
8:43 of 3rd period - Snap shot by Logan Cooley.
8:43 of 3rd period - Shot Blocked by John Carlson.
8:45 of 3rd period - Snap shot by Seth Jarvis.
8:45 of 3rd period - Shot Blocked by Jamie Oleksiak.
9:13 of 3rd period - Nick Foligno is hit by Michael Milne and loses puck.
9:32 of 3rd period - Wrist shot by Jordan Kyrou.
9:32 of 3rd period - Shot Misses the Net.
9:38 of 3rd period - Slapshot by Nick Foligno.
9:38 of 3rd period - Goal by Nick Foligno - Los Angeles Kings : 2 - Washington Capitals : 4.
9:39 of 3rd period - Logan Cooley wins face-off versus Nico Hischier in neutral zone.
9:41 of 3rd period - Minor Penalty to Alexander Romanov for Tripping.
9:42 of 3rd period - Nico Hischier wins face-off versus Andrei Kuzmenko in Los Angeles Kings zone.
10:10 of 3rd period - Slapshot by Andrei Svechnikov.
10:10 of 3rd period - Stopped by Sergei Bobrovsky without a rebound.
10:11 of 3rd period - Seth Jarvis wins face-off versus Nick Foligno in Washington Capitals zone.
10:14 of 3rd period - Wrist shot by Seth Jarvis.
10:14 of 3rd period - Shot Blocked by Nick Foligno.
11:22 of 3rd period - K'Andre Miller is hit by Nick Foligno and loses puck.
11:41 of 3rd period - Penalty to Alexander Romanov is over, Alexander Romanov is back on ice.
12:13 of 3rd period - Jamie Oleksiak is hit by K'Andre Miller and loses puck.
13:10 of 3rd period - Fabian Zetterlund is hit by Trent Frederic and loses puck.
13:35 of 3rd period - Logan Cooley is hit by Nico Hischier and loses puck.
14:19 of 3rd period - Off-side.
14:20 of 3rd period - Derek Ryan wins face-off versus Adam Fantilli in neutral zone.
14:25 of 3rd period - Snap shot by Fabian Zetterlund.
14:25 of 3rd period - Goal by Fabian Zetterlund - Los Angeles Kings : 2 - Washington Capitals : 5.
14:26 of 3rd period - Nico Hischier wins face-off versus Adam Fantilli in neutral zone.
14:53 of 3rd period - Andrei Svechnikov is hit by Thomas Harley and loses puck.
15:02 of 3rd period - Slapshot by Owen Tippett.
15:02 of 3rd period - Shot Blocked by Joshua Brown.
15:04 of 3rd period - Snap shot by Drake Batherson.
15:04 of 3rd period - Shot Misses the Net.
15:06 of 3rd period - Slapshot by Thomas Harley.
15:06 of 3rd period - Stopped by Jonas Johansson with a rebound.
15:12 of 3rd period - Minor Penalty to Andrei Svechnikov for Elbowing.
15:13 of 3rd period - Andrei Kuzmenko wins face-off versus Nico Hischier in Los Angeles Kings zone.
15:13 of 3rd period - Andrei Kuzmenko is hit by Alex Ovechkin.
16:33 of 3rd period - Michael Eyssimont is hit by Thomas Harley and loses puck.
16:44 of 3rd period - K'Andre Miller is hit by Owen Tippett and loses puck.
17:12 of 3rd period - Penalty to Andrei Svechnikov is over, Andrei Svechnikov is back on ice.
17:29 of 3rd period - Snap shot by Andrei Svechnikov.
17:29 of 3rd period - Shot Blocked by David Savard.
17:58 of 3rd period - John Carlson is hit by Peyton Krebs and loses puck.
19:51 of 3rd period - Wrist shot by Owen Tippett.
19:51 of 3rd period - Goal by Owen Tippett - Los Angeles Kings : 2 - Washington Capitals : 6.
19:52 of 3rd period - Logan Cooley wins face-off versus Nico Hischier in neutral zone.
Goals for this period are 2 for Los Angeles Kings vs 4 for Washington Capitals.
Shots for this period are 5 for Los Angeles Kings vs 9 for Washington Capitals.
Back to the Top